 Dungeon Crawl Stone Soup version 0.30-a0-1035-g38d5fb2972 (webtiles) character file.

Game seed: 8323490378028328370

214 Ic0nGaming the Cutter (level 6, -11/37 HPs)
             Began as a Kobold Fighter on Apr 8, 2023.
             Mangled by an orc wizard
             ... wielding a +3 dagger of electrocution
              (17 damage)
             ... on level 3 of the Dungeon.
             The game lasted 00:06:04 (2779 turns).

Ic0nGaming the Cutter (Kobold Fighter)              Turns: 2779, Time: 00:06:04

Health: -11/37     AC:  7    Str: 14    XL:     6   Next: 15%
Magic:  6/6        EV: 10    Int:  9    God:
Gold:   85         SH:  0    Dex: 16    Spells: 5/5 levels left

rFire   . . .      SeeInvis .    a - +0 rapier
rCold   . . .      Faith    .    c - +0 buckler
rNeg    . . .      Spirit   .    b - +0 scale mail
rPois   .          Reflect  .    k - +0 helmet
rElec   .          Rampage  .    (no cloak)
rCorr   .                        (no gloves)
Will    .....                    (no boots)
Stlth   +                        (no amulet)
HPRegen 0.26/turn                (no ring)
MPRegen 0.10/turn                (no ring)

@: confused, brilliant
A: small, no large weapons, nightstalker 3
a: no special abilities


You were on level 3 of the Dungeon.
You visited 1 branch of the dungeon, and saw 3 of its levels.

You collected 85 gold pieces.

Inventory:

Hand Weapons
 a - a +0 rapier (weapon)
Missiles
 e - 4 poisoned darts (quivered)
 g - 8 boomerangs
Armour
 b - a +0 scale mail (worn)
 c - a +0 buckler (worn)
 k - a +0 helmet (worn)
Wands
 i - a wand of paralysis (5)
Scrolls
 f - a scroll of fear
 h - a scroll of blinking
Potions
 d - 2 potions of might
 j - a potion of brilliance


   Skills:
 - Level 3.2 Fighting
 * Level 7.1 Short Blades
 - Level 2.4 Armour
 - Level 1.0 Stealth
 - Level 2.4 Shields
 + Level 2.5 Evocations


You had 5 spell levels left.
You didn't know any spells.
Your spell library contained the following spells:

 Spells                   Type           Power      Damage    Failure   Level
 Static Discharge         Conj/Air       0%         2-2/arc   98%         2
 Airstrike                Air            0%         2d(0-16)  100%        4
 Summon Lightning Spire   Summ/Air       0%         N/A       100%        4


Dungeon Overview and Level Annotations

Branches:
Dungeon (3/15)

Altars:

Shops:
D:1 !


Innate Abilities, Weirdness & Mutations

You are small and have problems with some larger weapons.
You are completely attuned to the shadows.


Message History

You completely miss the orc. You hit the orc.
The orc is moderately wounded.
The orc hits you but does no damage.
You hit the orc.
You kill the orc!
The orc wizard gestures at you while chanting.
You resist with some effort. The orc wizard casts a spell at you.
The puff of flame misses you.
You see here a +0 dagger.
You hit the orc wizard.
The orc wizard is lightly wounded.
The orc wizard casts a spell at you.
You are confused.
You miss the orc wizard.
The orc wizard is lightly wounded.
The orc wizard hits you but does no damage.
You bump into the rock wall.
The orc wizard hits you with a +3 dagger of electrocution.
* * * LOW HITPOINT WARNING * * *
You bump into the rock wall.
The orc wizard gestures at you while chanting.
You are more confused.
You're too confused to move!
The orc wizard closely misses you.
You closely miss the orc wizard.
The orc wizard is lightly wounded.
The orc wizard hits you with a +3 dagger of electrocution.
* * * LOW HITPOINT WARNING * * *
You bump into the rock wall.
The orc wizard hits you but does no damage.
You closely miss the orc wizard.
The orc wizard is lightly wounded.
The orc wizard barely misses you.
You bump into the rock wall.
The orc wizard hits you but does no damage.
You bump into the rock wall.
The orc wizard hits you but does no damage.
You are electrocuted!
You die...

#.# ####'###
.......#
.[.....#
.......#
####'### #.#
#o# #@# #.#
#.#
########'###
#..........#
#..........#
#).........#
#..........##
######.......


You could see an orc wizard.

Vanquished Creatures
  An orc priest (D:3)
  Terence (D:3)
  Robin (D:2)
  3 adders
  4 worms
  A dart slug (D:3)
  9 orcs (D:3)
  6 ball pythons
  3 endoplasms
  A giant cockroach (D:2)
  15 goblins
  14 hobgoblins
  7 jackals (D:2)
  5 quokkas
  2 bats (D:1)
  7 frilled lizards
  7 kobolds
  5 rats
92 creatures vanquished.

Notes
Turn   | Place    | Note
-------+----------+-------------------------------------------
     0 | D:1      | Ic0nGaming the Kobold Fighter began the quest for the Orb.
     0 | D:1      | Reached XP level 1. HP: 14/14 MP: 1/1
    70 | D:1      | Reached skill level 3 in Short Blades
   140 | D:1      | Reached XP level 2. HP: 19/19 MP: 2/2
   353 | D:1      | Found Iroanoat's Distillery.
   421 | D:1      | Reached skill level 4 in Short Blades
   555 | D:1      | Reached XP level 3. HP: 23/23 MP: 3/3
   902 | D:2      | Reached skill level 5 in Short Blades
  1034 | D:2      | Reached XP level 4. HP: 28/28 MP: 4/4
  1077 | D:2      | Reached skill level 1 in Stealth
  1558 | D:2      | Noticed Robin
  1579 | D:2      | Killed Robin
  1580 | D:2      | Reached skill level 6 in Short Blades
  1580 | D:2      | Reached skill level 1 in Evocations
  1580 | D:2      | Reached XP level 5. HP: 19/32 MP: 5/5
  2403 | D:3      | Noticed Terence
  2416 | D:3      | Killed Terence
  2739 | D:3      | Reached skill level 7 in Short Blades
  2739 | D:3      | Reached XP level 6. HP: 6/37 MP: 6/6
  2779 | D:3      | Mangled by an orc wizard

Illustrated notes

Levels and vault maps discovered:
D:1:      scummos_arrival_hexagon, layout_basic, serial_shops, shop,
          minmay_cupped
D:2:      layout_basic, dreamdust_mushroom_princess, uniq_robin
D:3:      layout_basic, st_stairs_11, interstate_on_off, uniq_terence

Skill      XL: |  1  2  3  4  5 |
---------------+----------------+-----
Short Blades   | 3 4 5 6 7 |  7.1
Stealth        | 1 |  1.0
Evocations     | 1 2 |  2.5
Fighting       | |  3.2
Armour         | |  2.4
Shields        | |  2.4

Action                     |  1- 3 |  4- 6 || total
---------------------------+-------+-------++-------
  Melee: Rapier            |   111 |   188 ||   299
  Throw: Dart              |       |     1 ||     1
  Evoke: Wand              |       |     3 ||     3
    Use: Scroll            |     1 |     2 ||     3
         Potion            |       |     1 ||     1
   Stab: Sleeping          |     1 |     4 ||     5
         Paralysed         |       |     1 ||     1
 Armour: Scale mail        |    30 |    53 ||    83
  Dodge: Dodged            |    46 |    69 ||   115
  Block: Buckler           |    30 |    30 ||    60

Table legend: (Time is in decaauts)
 A = Elapsed time spent in this place.
 B = Non-inter-level travel time spent in this place.
 C = Inter-level travel time spent in this place.
 D = Time resting spent in this place.
 E = Time spent auto-exploring this place.
 F = Levels seen in this place.
 G = Mean time per level.
                   A        B        C        D        E       F      G
               +--------+--------+--------+--------+--------+-----+--------+
         Total |   2776 |   2729 |     47 |    518 |   1600 |   3 |  925.3 |
       Dungeon |   2776 |   2729 |     47 |    518 |   1600 |   3 |  925.3 |
               +--------+--------+--------+--------+--------+-----+--------+

Top non-repeatable levels by time:
     D:2: 1108 daAuts
     D:1: 874 daAuts
     D:3: 793 daAuts
